Map: Ulrena

Players

Kong - Winner!

  • Race: Protoss Protoss
  • League: Gold

capac

  • Race: Terran Terran
  • League: Gold

VOD

Have the link to the VOD?

Description

Time

  • Played on: April 16, 2016, 4:13 p.m.
  • Length: 11:01
Show
View Real Time Build Order
Export as new Build Order

Kong Protoss - Winner!

Build Orders: Oracle Opening 

Get SALT Encoding   

  12  0:01  Probe (Chrono Boost)  
  13  0:12  Probe (Chrono Boost)  
  14  0:18  Pylon  
  14  0:22  Probe (Chrono Boost)  
  15  0:37  Gateway  
  15  0:40  Probe (Chrono Boost)  
  16  0:46  Assimilator  
  16  0:51  Probe (Chrono Boost)  
  16  0:53  Assimilator  
  17  1:01  Probe (Chrono Boost)  
  18  1:05  Pylon  
  18  1:12  Probe (Chrono Boost)  
  19  1:27  Cybernetics Core, Probe (Chrono Boost)  
  20  1:38  Probe (Chrono Boost)  
  21  1:48  Probe (Chrono Boost)  
  22  1:59  Probe (Chrono Boost)  
  23  2:04  Stargate  
  23  2:08  Pylon  
  23  2:19  Mothership Core (Chrono Boost)  
  25  2:54  Probe (Chrono Boost)  
  25  2:55  Stalker  
  28  2:58  Fleet Beacon  
  28  3:15  Warp Gate  
  28  3:19  Nexus  
  28  3:26  Oracle (Chrono Boost)  
  31  3:37  Pylon  
  31  3:45  Probe  
  32  3:55  Pylon  
  32  3:57  Probe  
  33  4:09  Probe  
  34  4:12  Tempest (Chrono Boost)  
  38  4:21  Probe  
  39  4:33  Probe  
  40  4:40  Probe  
  40  4:45  Probe  
  42  4:51  Probe  
  42  4:53  Tempest (Chrono Boost)  
  42  4:57  Probe  
  48  5:02  Probe, Assimilator  
  48  5:05  Assimilator  
  49  5:09  Probe  
  49  5:12  Probe  
  51  5:21  Probe  
  51  5:22  Protoss Air Weapons Level 1  
  51  5:23  Probe  
  51  5:27  Stargate  
  53  5:33  Probe  
  53  5:34  Probe  
  55  5:46  Probe  
  56  5:50  Gateway  
  56  5:51  Probe, Gateway  
  56  5:53  Gateway  
  56  5:55  Pylon  
  57  6:13  Void Ray (Chrono Boost)  
  57  6:17  Probe  
  57  6:18  Probe  
  66  6:21  Tempest (Chrono Boost)  
  67  6:26  Forge  
  67  6:29  Probe x2  
  69  6:39  Probe  
  67  6:42  Probe  
  66  6:51  Mothership Core, Adept x3  
  73  6:56  Probe  
  73  6:59  Tempest (Chrono Boost)  
  78  7:21  Pylon  
  78  7:22  Pylon  
  78  7:25  Photon Cannon  
  78  7:28  Photon Cannon  
  78  7:39  Probe  
  83  7:44  Probe, Adept x2  
  83  7:45  Tempest (Chrono Boost), Adept  
  83  7:51  Probe  
  91  8:10  Adept  
  93  8:17  Pylon  
  93  8:19  Pylon  
  93  8:20  Pylon  
  93  8:21  Pylon  
  93  8:39  Probe  
  93  8:40  Gateway  
  94  8:42  Gateway  
  94  8:43  Tempest (Chrono Boost)  
  94  8:44  Gateway  
  102  8:49  Tempest (Chrono Boost), Nexus  
  102  9:03  Adept x4  
  110  9:14  Twilight Council  
  95  9:39  Tempest (Chrono Boost)  
  95  9:44  Tempest (Chrono Boost)  
  99  9:46  Adept x2  
  99  9:47  Adept  
  105  10:16  Tempest (Chrono Boost)  
  109  10:26  Oracle (Chrono Boost)  
  112  10:28  Probe x2  
  112  10:30  Probe  
  115  10:39  Probe x2  
  115  10:42  Probe  
Show
View Real Time Build Order
Export as new Build Order

capac Terran 

Build Orders: Reaper Expand 

Get SALT Encoding   

  12  0:00  SCV  
  13  0:13  SCV  
  14  0:18  Supply Depot  
  14  0:25  SCV  
  15  0:39  SCV  
  15  0:41  Barracks  
  16  0:46  Refinery  
  16  0:51  SCV  
  17  1:04  SCV  
  19  1:18  SCV  
  19  1:31  Orbital Command  
  19  1:32  Reaper  
  20  1:44  Command Center  
  20  1:56  Supply Depot  
  20  2:00  SCV  
  21  2:04  Marine  
  22  2:14  Factory  
  22  2:15  SCV  
  22  2:18  Refinery  
  23  2:32  Barracks Reactor  
  23  2:39  Engineering Bay  
  23  2:59  Orbital Command  
  23  3:00  Barracks  
  23  3:03  Widow Mine  
  25  3:11  Missile Turret  
  25  3:13  Marine x2  
  27  3:21  Missile Turret  
  27  3:25  SCV  
  28  3:31  Marine  
  29  3:42  Factory Tech Lab  
  29  3:44  SCV  
  30  3:50  Barracks Tech Lab  
  30  3:56  SCV  
  30  4:01  Marine  
  30  4:02  Marine  
  33  4:04  Siege Tank  
  33  4:09  SCV x2  
  38  4:17  Marine  
  38  4:22  SCV x2  
  41  4:37  Command Center  
  41  4:44  Marine x2  
  41  4:45  Marine  
  44  4:46  SCV x2  
  46  4:59  Bunker  
  46  5:05  Barracks  
  46  5:06  Supply Depot  
  46  5:09  Marine x2, SCV x2  
  50  5:18  Starport, Siege Tank  
  50  5:19  Marine  
  54  5:25  Refinery  
  54  5:27  SCV  
  54  5:28  Supply Depot, SCV  
  56  5:38  Supply Depot  
  56  5:40  SCV x2  
  56  5:41  Marine x3  
  61  5:56  Starport Reactor  
  61  5:59  Supply Depot  
  59  6:05  Viking  
  60  6:16  Cyclone  
  61  6:20  Starport  
  57  6:33  Missile Turret x2  
  57  6:35  Viking  
  44  6:57  SCV x2  
  44  6:58  Refinery  
  46  7:05  Viking  
  47  7:10  Viking  
  47  7:13  Siege Tank  
  51  7:17  Refinery  
  51  7:27  Starport  
  51  7:28  Orbital Command  
  51  7:31  Marine x2  
  51  7:32  Marine  
  56  7:40  Starport Reactor  
  56  7:41  Starport Reactor  
  48  7:59  Marine x2  
  48  8:00  Marine x2  
  49  8:11  Viking  
  52  8:21  Viking x2  
  54  8:28  Viking  
  55  8:37  Viking  
  54  8:58  Marine x4  
  54  9:00  Viking  
  53  9:28  Marine x2  
  53  9:29  Marine x2  
  49  9:39  Viking  
  51  9:46  Marine x3  
  53  9:58  Refinery  
  50  10:01  Viking  
  52  10:09  SCV  
  53  10:19  Viking  
  55  10:49  SCV x2  
Tags
 
Add a new tag
Caveats
  • Supply blocks, unpowered buildings, or Contaminate may cause inaccurate times.
  • Supply counts are checked every 10 seconds.